 Dungeon Crawl Stone Soup version 0.21.1-1-g345015fe64 (webtiles) character file.

48 Hercules1031 the Caller (level 3, 0/26 HPs)
             Began as a Demigod Summoner on June 13, 2018.
             Succumbed to an adder's poison
             ... on level 2 of the Dungeon.
             The game lasted 00:10:22 (1725 turns).

Hercules1031 the Caller (Demigod Summoner)          Turns: 1725, Time: 00:10:22

Health: 0/26       AC:  2    Str: 11    XL:     3   Next: 30%
Magic:  6/9        EV: 13    Int: 21    God:
Gold:   66         SH:  4    Dex: 16    Spells: 4/7 levels left

rFire    . . .     SeeInvis .   c - +0 dagger
rCold    . . .     Gourm    .   (no shield)
rNeg     . . .     Faith    .   a - +0 robe
rPois    .         Spirit   .   (helmet restricted)
rElec    .         Reflect  .   (no cloak)
rCorr    .         Harm     .   (no gloves)
MR       .....                  (no boots)
Stlth    ++........             (no amulet)
HPRegen  0.08/turn              (no ring)
MPRegen  0.11/turn              (no ring)

@: lethally poisoned (0 -> -4)
A: horns 1, large bone plates 1, high mp 1, evolution 1
a: no special abilities


You were on level 2 of the Dungeon.
You were full.

You visited 1 branch of the dungeon, and saw 2 of its levels.

You collected 66 gold pieces.

Inventory:

Hand Weapons
 c - a +0 dagger (weapon)
 g - a +1 dagger of distortion
Armour
 a - a +0 robe (worn)
 e - a +0 cloak of invisibility
 f - a +0 ring mail
Jewellery
 h - an uncursed ring of flight {unknown}
Potions
 d - a potion of agility
Books
 b - a book of Callings

   Spells                             Type                      Level
   a - Summon Small Mammal            Summoning                    1
   b - Call Imp                       Summoning                    2
   c - Call Canine Familiar           Summoning                    3
   d - Summon Guardian Golem          Hexes/Summoning              3
   e - Summon Lightning Spire         Summoning/Air                4
   f - Summon Ice Beast               Ice/Summoning                4


   Skills:
 + Level 2.3 Dodging
 - Level 1.7 Stealth
 * Level 2.7 Spellcasting
 + Level 3.9 Summonings


You had 4 spell levels left.
You knew the following spells:

 Your Spells              Type           Power        Failure   Level  Hunger
a - Summon Small Mammal   Summ           ###.         2%          1    None
b - Call Imp              Summ           ###.....     4%          2    ##.....


Dungeon Overview and Level Annotations

Branches:
Dungeon (2/15)


Innate Abilities, Weirdness & Mutations

You have an increased reservoir of magic. (+10% MP)
You have a pair of small horns on your head.
You are partially covered in large bone plates. (SH +4)
You evolve.


Message History

There is a lethal amount of poison in your body!
* * * LOW HITPOINT WARNING * * *
You feel sick.
You see here a rat corpse.
There is a lethal amount of poison in your body!
There is a lethal amount of poison in your body!
There is a lethal amount of poison in your body!
There is a lethal amount of poison in your body!
There is a lethal amount of poison in your body!
There is a lethal amount of poison in your body!
Okay, then.
* * * LOW HITPOINT WARNING * * *
You feel sick.
* * * LOW HITPOINT WARNING * * *
You feel sick.
* * * LOW HITPOINT WARNING * * *
You feel sick.
* * * LOW HITPOINT WARNING * * *
You feel sick.
You die...

.#.. ... #..####.###
#####..##.....## #
#.....?#.......#.#
##.###.#.......#.# #.
.#......._.....
.##.###†#.......# #.
.......r#.......#
#.##...###.##..@..#
#.#...)...†####.####..#
#....####....rr.......#
#............r.#..##..#
#.>..................
#.#...##.#######.##.##
# #..............# .#
#.#.............## #
#...............#


You could see a friendly quokka and a friendly rat.

Vanquished Creatures
  An adder (D:2)
  A leopard gecko (D:1)
  A bat (D:1)
  4 goblins (D:1)
  6 kobolds
  A quokka (D:2)
  4 rats
18 creatures vanquished.

Vanquished Creatures (collateral kills)
  An adder (D:2)
  2 oozes (D:1)
  A bat (D:1)
  3 goblins (D:1)
  A hobgoblin (D:1)
  A kobold (D:1)
  A frilled lizard (D:2)
  3 rats
13 creatures vanquished.

Grand Total: 31 creatures vanquished

Notes
Turn   | Place    | Note
-------+----------+-------------------------------------------
     0 | D:1      | Hercules1031 the Demigod Summoner began the quest for the Orb.
     0 | D:1      | Reached XP level 1. HP: 14/14 MP: 5/5
   747 | D:1      | Reached XP level 2. HP: 18/20 MP: 7/7
   751 | D:1      | Learned a level 2 spell: Call Imp
   996 | D:1      | Found a snail-covered altar of Cheibriados.
  1397 | D:1      | Gained mutation: You evolve. [potion of mutation]
  1397 | D:1      | Gained mutation: You are partially covered in large bone plates. (SH +4) [potion of mutation]
  1397 | D:1      | Gained mutation: You have a pair of small horns on your head. [potion of mutation]
  1614 | D:2      | Reached XP level 3. HP: 22/26 MP: 7/9
  1639 | D:2      | Found a bloodstained altar of Trog.
  1700 | D:2      | Found a shimmering altar of Xom.
  1723 | D:2      | HP: 1/26 [poisoned by an adder]
  1725 | D:2      | Succumbed to an adder's poison

Skill      XL: |  1 |
---------------+----+-----
Spellcasting   | 2 |  2.7
Dodging        | 2 |  2.3
Stealth        | |  1.7
Summonings     | |  3.9

Action                   || total
-------------------------++-------
Melee: Unarmed           ||    18
       Hand axe          ||    35
       Dagger            ||    26
       Headbutt          ||     4
 Cast: Summon Small Mamm ||    19
       Call Imp          ||     2
  Use: Potion            ||     3
       Scroll            ||     5
 Stab: Sleeping          ||     1
       Distracted        ||     1
  Eat: Ration            ||     2
Armor: Robe              ||     9
Dodge: Dodged            ||    63
Block: Other             ||     6
